 Dungeon Crawl Stone Soup version 0.27-a0-1060-gcb85b5eba1 (webtiles) character file.

Game seed: 15909058965641621455

114 Ijustatesigmund the Skirmisher (level 4, 0/37 HPs)
             Began as a Demonspawn Fighter on Apr 21, 2021.
             Succumbed to a scorpion's poison
             ... on level 3 of the Dungeon.
             The game lasted 00:04:41 (3375 turns).

Ijustatesigmund the Skirmisher (Demonspawn Fighter) Turns: 3375, Time: 00:04:42

Health: 0/37       AC:  8    Str: 16    XL:     4   Next: 67%
Magic:  4/4        EV: 22    Int:  9    God:
Gold:   136        SH:  8    Dex: 14    Spells: 3/3 levels left

rFire    . . .     SeeInvis .   a - +0 broad axe
rCold    . . .     Faith    .   c - +0 kite shield
rNeg     . . .     Spirit   .   b - +0 scale mail
rPois    .         Reflect  .   (no helmet)
rElec    .         Harm     .   (no cloak)
rCorr    .         Rampage  .   (no gloves)
Will     .....                  (no boots)
Stlth    ..........             d - amulet of the acrobat
HPRegen  0.12/turn              (no ring)
MPRegen  0.09/turn              (no ring)

@: lethally poisoned (0 -> -14), acrobatic, flying, very slightly contaminated,
invisible
A: thin metallic scales 1, demonic magic 1
a: no special abilities


You were on level 3 of the Dungeon.
You visited 1 branch of the dungeon, and saw 3 of its levels.

You collected 136 gold pieces.

Inventory:

Hand Weapons
 a - a +0 broad axe (weapon)
Armour
 b - a +0 scale mail (worn)
 c - a +0 kite shield (worn)
Jewellery
 d - an amulet of the acrobat (around neck)
 h - a +6 ring of intelligence
Scrolls
 l - a scroll of magic mapping
 m - a scroll of identify {unknown}
Potions
 e - a potion of flight
 g - a potion of resistance {unknown}
 i - a potion of berserk rage {unknown}
 j - a potion of heal wounds {unknown}
 k - 2 potions of curing {unknown}


   Skills:
 + Level 3.7 Fighting
 * Level 3.3 Axes
 - Level 2.6 Armour
 + Level 1.8 Dodging
 - Level 2.6 Shields


You had 3 spell levels left.
You didn't know any spells.
Your spell library was empty.

Dungeon Overview and Level Annotations

Branches:
Dungeon (3/15)

Altars:

Shops:
D:2 (


Innate Abilities, Weirdness & Mutations

You are partially covered in thin metallic scales. (AC +2)
Spells you cast may paralyse adjacent enemies.


Message History

A scorpion comes into view.
You block the scorpion's attack. The scorpion completely misses you.
Found 8 gold pieces.
You hit the scorpion but do no damage. You block the scorpion's attack. x2
You closely miss the scorpion. The scorpion stings you!
You block the scorpion's attack.
You hit the scorpion but do no damage. The scorpion stings you. x2
You hit the scorpion.
The scorpion is lightly wounded.
The scorpion stings you but does no damage. x2
You barely miss the scorpion.
The scorpion is lightly wounded.
You block the scorpion's attack. The scorpion closely misses you.
You closely miss the scorpion.
The scorpion is lightly wounded.
You block the scorpion's attack. The scorpion barely misses you.
You closely miss the scorpion.
The scorpion is lightly wounded.
You block the scorpion's attack. The scorpion stings you.
You are poisoned.
The scorpion poisons you!
You hit the scorpion but do no damage.
The scorpion is lightly wounded.
You feel very sick. You block the scorpion's attack. The scorpion stings you.
You are too injured to fight recklessly!
You are too injured to fight recklessly!
It was a potion of flight.
You feel very buoyant.
You fly up into the air.
You feel sick. You block the scorpion's attack.
It was a potion of invisibility.
You fade into invisibility!
You feel sick. The scorpion stings you.
* * * LOW HITPOINT WARNING * * *
You are lethally poisoned!
The scorpion poisons you!
You are very lightly contaminated with residual magic.
* * * LOW HITPOINT WARNING * * *
You feel very sick.
You die...

#### .... . ....
... ....
$....###### ....
.......s..## ....
...#..###@.##
.... .... ##..##
.... ....
##..#############
...
##..............
..
##..########### .
##........
#.####### #.# ..#


You could see a scorpion.

Vanquished Creatures
  Terence (D:3)
  An adder (D:3)
  3 gnolls
  A worm (D:2)
  2 dart slugs
  2 ball pythons
  3 endoplasms
  3 giant cockroaches
  4 goblins
  A hobgoblin (D:1)
  6 jackals (D:1)
  2 kobolds
  2 quokkas (D:2)
  3 bats
  3 frilled lizards
  6 rats
43 creatures vanquished.

Notes
Turn   | Place    | Note
-------+----------+-------------------------------------------
     0 | D:1      | Ijustatesigmund the Demonspawn Fighter began the quest for
                  | the Orb.
     0 | D:1      | Reached XP level 1. HP: 18/18 MP: 1/1
   254 | D:1      | Gained mutation: You are partially covered in thin metallic
                  | scales. (AC +2) [demonic ancestry]
   254 | D:1      | Reached XP level 2. HP: 24/24 MP: 2/2
   796 | D:1      | Reached skill level 1 in Dodging
  1066 | D:2      | Reached XP level 3. HP: 29/29 MP: 3/3
  1412 | D:2      | Found a faded altar of an unknown god.
  1767 | D:2      | Found Wov Xype's Antique Weapon Shoppe.
  2577 | D:3      | Noticed Terence
  2586 | D:3      | Killed Terence
  2587 | D:3      | Gained mutation: Spells you cast may paralyse adjacent
                  | enemies. [demonic ancestry]
  2587 | D:3      | Reached XP level 4. HP: 24/36 MP: 4/4
  3361 | D:3      | Noticed a scorpion
  3375 | D:3      | Succumbed to a scorpion's poison

Illustrated notes

Levels and vault maps discovered:
D:1:      wander_arrival_peaceful_grave, layout_loops_ring
D:2:      layout_basic, serial_shops, shop, ebering_ecumenical_altar_box,
          minmay_domino_4
D:3:      layout_basic, nemelex_spade_bored_becter, uniq_natasha, uniq_jessica,
          uniq_terence

Skill      XL: |  1  2  3 |
---------------+----------+-----
Axes           | 2 3 |  3.3
Dodging        | 1 |  1.8
Fighting       | |  3.7
Armour         | |  2.6
Shields        | |  2.6

Action                   |  1- 3 |  4- 6 || total
-------------------------+-------+-------++-------
Melee: War axe           |   113 |    24 ||   137
       Broad axe         |       |    21 ||    21
  Use: Scroll            |     3 |       ||     3
       Potion            |     2 |     2 ||     4
Armor: Scale mail        |    62 |    19 ||    81
Dodge: Dodged            |    41 |    30 ||    71
Block: Kite shield       |    85 |    39 ||   124

Table legend: (Time is in decaauts)
 A = Elapsed time spent in this place.
 B = Non-inter-level travel time spent in this place.
 C = Inter-level travel time spent in this place.
 D = Time resting spent in this place.
 E = Time spent auto-exploring this place.
 F = Levels seen in this place.
 G = Mean time per level.
                   A        B        C        D        E       F      G
               +--------+--------+--------+--------+--------+-----+--------+
         Total |   3463 |   3346 |    117 |   1113 |   1678 |   3 | 1154.3 |
       Dungeon |   3463 |   3346 |    117 |   1113 |   1678 |   3 | 1154.3 |
               +--------+--------+--------+--------+--------+-----+--------+

Top non-repeatable levels by time:
     D:1: 1481 daAuts
     D:2: 1320 daAuts
     D:3: 661 daAuts
